Map: King Sejong Station LE

Players

blackxored

  • Race: Zerg Zerg
  • League: Diamond

iRoNaRRoW - Winner!

  • Race: Protoss Protoss
  • League: Master

VOD

Have the link to the VOD?

Description

Time

  • Played on: June 30, 2016, 8:30 a.m.
  • Length: 14:23
Show
View Real Time Build Order
Export as new Build Order

blackxored Zerg 

Build Orders: 3 Hatch before Pool, Lurkers 

Get SALT Encoding   

  12  0:01  Drone  
  13  0:08  Drone  
  14  0:18  Overlord  
  14  0:21  Extractor  
  14  0:23  Drone  
  15  0:38  Drone x2  
  17  0:54  Hatchery  
  17  0:56  Drone  
  17  1:20  Drone, Hatchery  
  17  1:23  Drone  
  18  1:34  Extractor  
  18  1:38  Spawning Pool  
  16  1:42  Drone  
  16  1:45  Drone  
  18  1:48  Drone  
  19  2:00  Drone  
  20  2:13  Drone  
  20  2:15  Drone x2  
  23  2:30  Zergling x4  
  23  2:31  Zergling x2, Queen x2  
  30  2:40  Queen  
  32  2:45  Overlord  
  32  2:50  Metabolic Boost  
  32  3:01  Drone x2  
  32  3:03  Overlord  
  34  3:08  Drone x2  
  34  3:09  Drone  
  38  3:12  Drone  
  38  3:15  Drone  
  38  3:17  Drone  
  40  3:25  Zergling x6  
  43  3:28  Drone  
  43  3:29  Drone  
  43  3:31  Drone  
  46  3:42  Lair  
  46  3:44  Extractor  
  46  3:48  Drone x2  
  47  3:49  Roach Warren  
  47  3:51  Drone  
  47  3:52  Drone  
  47  3:54  Drone  
  49  3:57  Pneumatized Carapace  
  49  4:03  Spore Crawler  
  49  4:06  Drone, Spore Crawler  
  48  4:13  Overlord, Spore Crawler  
  48  4:16  Overlord  
  47  4:28  Overlord  
  47  4:31  Queen  
  49  4:39  Drone x4  
  49  4:40  Drone x4  
  57  4:57  Hydralisk Den  
  57  4:58  Drone x3  
  57  4:59  Baneling Nest, Evolution Chamber  
  56  5:03  Extractor  
  56  5:04  Drone x3  
  56  5:05  Extractor  
  56  5:06  Drone  
  58  5:08  Drone  
  58  5:09  Drone  
  59  5:27  Drone  
  59  5:28  Spore Crawler  
  59  5:34  Overlord x3  
  58  5:39  Muscular Augments  
  58  5:40  Zerg Melee Weapons Level 1  
  57  5:58  Drone x10  
  57  6:00  Drone, Hatchery  
  57  6:02  Drone  
  57  6:03  Drone  
  69  6:05  Drone  
  69  6:09  Centrifical Hooks  
  70  6:16  Drone x4  
  74  6:20  Drone x2  
  74  6:22  Extractor, Drone  
  74  6:23  Extractor  
  74  6:24  Drone x2  
  77  6:26  Drone  
  77  6:30  Hydralisk, Spore Crawler  
  79  6:33  Hydralisk  
  79  6:36  Hydralisk  
  78  6:42  Zergling x6  
  81  6:49  Overlord x2, Queen  
  81  7:00  Overlord x2  
  81  7:02  Lurker Den  
  81  7:07  Drone  
  81  7:08  Drone x2  
  84  7:09  Zergling x2  
  84  7:10  Zergling x8  
  84  7:11  Baneling  
  84  7:12  Baneling x12  
  89  7:20  Drone x4  
  89  7:21  Drone  
  88  7:33  Hydralisk x3  
  88  7:34  Hydralisk x4  
  100  7:41  Zerg Missile Weapons Level 1, Evolution Chamber  
  97  7:44  Drone  
  97  7:47  Hydralisk x3  
  97  7:48  Hydralisk  
  97  7:51  Drone x2  
  104  7:52  Drone  
  105  7:59  Drone x3  
  105  8:00  Drone x4  
  105  8:01  Drone  
  105  8:02  Drone  
  114  8:07  Queen  
  116  8:13  Spore Crawler  
  116  8:15  Hydralisk x2  
  116  8:16  Hydralisk  
  119  8:22  Overlord x2  
  119  8:32  Overlord x2  
  119  8:33  Overlord  
  119  8:39  Infestation Pit  
  119  8:41  Spire, Zerg Ground Armor Level 1  
  117  8:54  Hydralisk x3  
  117  8:55  Hydralisk x6  
  127  8:56  Hydralisk  
  132  9:10  Drone x6  
  132  9:11  Drone  
  132  9:13  Extractor  
  132  9:14  Extractor  
  137  9:19  Lurker x3  
  137  9:22  Lurker  
  137  9:23  Drone x6  
  147  9:26  Queen  
  149  9:34  Zerg Melee Weapons Level 2  
  149  9:40  Hatchery  
  149  9:42  Hive  
  149  9:44  Lurker x2  
  150  9:49  Lurker  
  149  10:04  Zerg Flyer Weapons Level 1  
  149  10:13  Lurker  
  149  10:14  Lurker x2  
  135  10:40  Lurker x3  
  135  10:41  Lurker x4  
  130  10:51  Mutalisk x5  
  130  10:52  Mutalisk x2  
  111  11:09  Mutalisk  
  111  11:10  Mutalisk x3  
  119  11:22  Extractor, Mutalisk  
  119  11:23  Mutalisk x2  
  119  11:25  Extractor  
  123  11:27  Drone x4  
  123  11:28  Drone x4  
  131  11:37  Drone  
  131  11:38  Extractor, Drone x6, Hatchery  
  136  11:41  Extractor  
  136  11:45  Mutalisk x5  
  144  11:58  Hydralisk x5  
  155  12:03  Lurker  
  155  12:06  Lurker  
  139  12:16  Zergling x22  
  139  12:18  Overlord x3  
  139  12:19  Overlord x2  
  118  12:35  Zergling x2  
  118  12:36  Zergling x14  
  106  12:44  Mutalisk  
  106  12:45  Mutalisk  
  99  13:04  Hatchery  
  78  13:22  Spawning Pool  
  48  13:53  Drone x3  
Show
View Real Time Build Order
Export as new Build Order

iRoNaRRoW Protoss - Winner!

Build Orders: Phoenix Opening 

Get SALT Encoding   

  12  0:02  Probe (Chrono Boost)  
  13  0:12  Probe (Chrono Boost)  
  14  0:19  Pylon  
  14  0:24  Probe (Chrono Boost)  
  15  0:38  Probe (Chrono Boost)  
  16  0:51  Probe (Chrono Boost)  
  17  1:06  Probe (Chrono Boost)  
  17  1:09  Nexus  
  18  1:17  Probe (Chrono Boost)  
  19  1:30  Probe (Chrono Boost)  
  19  1:31  Gateway  
  20  1:34  Pylon  
  20  1:40  Probe (Chrono Boost)  
  21  1:48  Assimilator  
  21  1:51  Assimilator, Probe (Chrono Boost)  
  22  2:01  Probe (Chrono Boost)  
  23  2:12  Probe (Chrono Boost)  
  24  2:19  Cybernetics Core, Zealot  
  24  2:21  Probe (Chrono Boost)  
  28  2:22  Probe (Chrono Boost)  
  28  2:32  Probe (Chrono Boost)  
  28  2:35  Pylon  
  29  2:40  Probe (Chrono Boost)  
  30  2:45  Gateway  
  30  2:48  Probe (Chrono Boost)  
  30  2:51  Probe (Chrono Boost)  
  32  2:56  Stargate  
  32  2:59  Probe (Chrono Boost)  
  32  3:00  Stalker  
  32  3:05  Probe (Chrono Boost)  
  36  3:09  Assimilator  
  36  3:13  Probe (Chrono Boost)  
  36  3:14  Warp Gate (Chrono Boost)  
  36  3:15  Assimilator  
  36  3:18  Probe (Chrono Boost)  
  38  3:24  Probe (Chrono Boost)  
  39  3:29  Probe (Chrono Boost)  
  40  3:38  Mothership Core (Chrono Boost)  
  40  3:39  Phoenix (Chrono Boost)  
  40  3:40  Probe (Chrono Boost)  
  45  3:50  Probe  
  45  3:51  Forge  
  46  3:55  Pylon  
  46  3:59  Probe  
  46  4:01  Phoenix (Chrono Boost), Probe  
  50  4:04  Sentry  
  52  4:13  Pylon  
  52  4:14  Pylon  
  52  4:23  Sentry, Phoenix (Chrono Boost)  
  56  4:25  Probe  
  56  4:26  Probe  
  58  4:45  Phoenix (Chrono Boost)  
  60  4:51  Nexus  
  60  4:54  Pylon  
  60  4:59  Pylon  
  60  5:06  Probe, Phoenix (Chrono Boost)  
  63  5:10  Protoss Ground Weapons Level 1 (Chrono Boost)  
  63  5:30  Phoenix  
  65  5:36  Photon Cannon  
  65  5:38  Photon Cannon  
  65  5:41  Photon Cannon  
  65  5:44  Robotics Facility  
  65  5:45  Gateway  
  65  5:54  Sentry x2  
  65  5:55  Phoenix  
  71  6:01  Probe x2  
  71  6:03  Probe  
  74  6:12  Probe x2  
  74  6:13  Twilight Council  
  74  6:14  Forge  
  74  6:15  Probe  
  74  6:16  Pylon  
  77  6:22  Probe x2  
  79  6:27  Probe  
  78  6:44  Probe  
  78  6:45  Probe  
  78  6:46  Zealot x2  
  84  6:53  Charge  
  84  6:54  Immortal  
  88  6:58  Robotics Bay  
  88  7:01  Protoss Ground Weapons Level 2 (Chrono Boost), Probe  
  88  7:02  Pylon, Probe  
  88  7:05  Pylon, Assimilator  
  90  7:10  Assimilator  
  90  7:17  Probe x2  
  90  7:18  Probe  
  91  7:31  Probe  
  91  7:36  Sentry x3  
  98  7:38  Immortal (Chrono Boost)  
  98  7:39  Protoss Ground Armor Level 1 (Chrono Boost)  
  102  8:00  Gateway  
  102  8:03  Gateway  
  102  8:04  Gateway  
  102  8:06  Gateway  
  102  8:08  Gateway  
  102  8:09  Zealot x2  
  102  8:10  Zealot  
  102  8:12  Pylon  
  108  8:14  Disruptor (Chrono Boost)  
  107  8:26  Gateway  
  107  8:27  Gateway  
  107  8:32  Gateway  
  107  8:35  Gateway  
  107  8:40  Templar Archives  
  107  8:42  Gateway  
  107  8:43  Gateway, Zealot  
  107  8:44  Zealot x2  
  107  8:46  Disruptor  
  116  9:07  Psionic Storm, Protoss Ground Weapons Level 3 (Chrono Boost)  
  116  9:09  Pylon x2  
  115  9:17  Zealot  
  115  9:18  Zealot x2  
  115  9:20  Zealot x4  
  115  9:21  Zealot  
  131  9:40  High Templar  
  131  9:41  High Templar x5  
  131  9:42  High Templar, Nexus  
  131  9:44  Pylon  
  131  9:45  Archon x3  
  145  9:47  Pylon  
  145  9:50  Observer  
  146  9:57  Robotics Facility  
  146  10:02  Protoss Ground Armor Level 2 (Chrono Boost)  
  146  10:07  Zealot  
  146  10:08  Zealot x2  
  146  10:14  Observer  
  153  10:16  Zealot x2  
  153  10:17  Zealot x5  
  131  10:56  Zealot x6  
  131  10:57  Zealot x4  
  139  10:58  Probe x2  
  139  11:00  Probe x2  
  147  11:08  Disruptor  
  150  11:11  Disruptor  
  150  11:12  Probe x2  
  150  11:17  Zealot x4  
  150  11:18  Zealot x3  
  169  11:19  Zealot  
  169  11:20  High Templar x2  
  175  11:28  Assimilator  
  175  11:31  Assimilator  
  175  11:32  Photon Cannon  
  175  11:36  Protoss Shields Level 1 (Chrono Boost)  
  175  11:37  High Templar  
  175  11:38  High Templar x2  
  181  11:51  Zealot  
  181  11:52  Zealot x2  
  187  12:00  Archon x2  
  187  12:01  Archon  
  187  12:16  Zealot  
  167  12:35  Photon Cannon  
  165  12:37  Photon Cannon  
  165  12:40  Photon Cannon  
  165  12:42  High Templar x6  
  165  12:43  Photon Cannon  
  177  12:45  Archon, Photon Cannon  
  177  12:46  Archon x2  
  156  13:21  Stalker x4  
  156  13:26  Pylon  
  155  13:28  Pylon  
  155  13:30  Pylon  
  155  13:31  Pylon  
  152  13:36  Pylon  
  146  13:51  Pylon  
  146  13:53  Pylon  
  146  13:55  Pylon  
  143  14:22  Zealot  
  143  14:23  Zealot  
Tags
 
Add a new tag
Caveats
  • Supply blocks, unpowered buildings, or Contaminate may cause inaccurate times.
  • Supply counts are checked every 10 seconds.